 Dungeon Crawl Stone Soup version 0.27-a0-1049-g450f9b2e0d (webtiles) character file.

Game seed: 13341128576287416315

8 HoaS the Insei (level 2, -1/22 HPs)
             Began as a Demonspawn Gladiator on Apr 20, 2021.
             Slain by a goblin
             ... wielding a +0 club
              (4 damage)
             ... on level 1 of the Dungeon.
             The game lasted 00:01:07 (314 turns).

HoaS the Insei (Demonspawn Gladiator)                Turns: 314, Time: 00:01:08

Health: -1/22      AC:  4    Str: 14    XL:     2   Next: 0%
Magic:  2/2        EV: 12    Int:  9    God:
Gold:   8          SH:  0    Dex: 14    Spells: 1/1 levels left

rFire    . . .     SeeInvis .     - Unarmed
rCold    . . .     Faith    .   (no shield)
rNeg     . . .     Spirit   .   a - +0 leather armour
rPois    .         Reflect  .   b - +0 helmet
rElec    .         Harm     .   (no cloak)
rCorr    .         Rampage  .   (no gloves)
Will     .....                  (no boots)
Stlth    +.........             (no amulet)
HPRegen  0.07/turn              (no ring)
MPRegen  0.08/turn              (no ring)

@: no status effects
A: demonic magic 1
a: no special abilities


You were on level 1 of the Dungeon.
You visited 1 branch of the dungeon, and saw 1 of its levels.

You collected 8 gold pieces.

Inventory:

Missiles
 c - 3 throwing nets (quivered)
Armour
 a - a +0 leather armour (worn)
 b - a +0 helmet (worn)
Potions
 d - a potion of might {unknown}


   Skills:
 - Level 2.0 Fighting
 - Level 1.7 Throwing
 - Level 2.6 Dodging
 + Level 3.2 Unarmed Combat


You had one spell level left.
You didn't know any spells.
Your spell library was empty.

Dungeon Overview and Level Annotations

Branches:
Dungeon (1/15)

Altars:


Innate Abilities, Weirdness & Mutations

Spells you cast may paralyse adjacent enemies.


Message History

A menacing aura infuses your magic.
You have 0 gold pieces.
There's nothing to open nearby.
Welcome back, HoaS the Demonspawn Gladiator.
Press ? for a list of commands and other information.
You now have 8 gold pieces.
You see here a +0 club.
d - a metallic dark potion A goblin comes into view.
It is wielding a +0 club.
A goblin is nearby!
A goblin is nearby!
The goblin shouts!
Found 3 atropa-tipped darts.
The goblin hits you with a +0 club. The goblin completely misses you.
The goblin hits you but does no damage. The goblin barely misses you.
The goblin closely misses you. The goblin barely misses you.
The goblin hits you with a +0 club. The goblin barely misses you.
The goblin hits you with a +0 club. The goblin hits you with a +0 club.
The goblin closely misses you. The goblin closely misses you.
The goblin closely misses you. The goblin hits you with a +0 club.
The goblin hits you but does no damage. The goblin hits you but does no damage.
The goblin barely misses you. The goblin barely misses you.
The goblin hits you but does no damage. The goblin barely misses you.
The goblin hits you but does no damage. The goblin hits you with a +0 club.
* * * LOW HITPOINT WARNING * * *
The goblin hits you with a +0 club.
* * * LOW HITPOINT WARNING * * *
The goblin hits you with a +0 club.
You die...

. . .#. ... ## ..# .#
(# ..# .. .# ..# .# .#
..# ..# .# #.##.#
##g#### #.#..# #@....#
....############.....#
..............##.....#
#.###########........#
.....##........#.....#
#..............#.....#
#....#.........#.....#
......)........#.....#
.###...........###....#


You could see a goblin.

Vanquished Creatures
  4 endoplasms (D:1)
  A goblin (D:1)
  A hobgoblin (D:1)
6 creatures vanquished.

Notes
Turn   | Place    | Note
-------+----------+-------------------------------------------
     0 | D:1      | HoaS the Demonspawn Gladiator began the quest for the Orb.
     0 | D:1      | Reached XP level 1. HP: 16/16 MP: 1/1
    19 | D:1      | Noticed a minotaur skeleton
    51 | D:1      | Reached skill level 3 in Unarmed Combat
   266 | D:1      | Gained mutation: Spells you cast may paralyse adjacent
                  | enemies. [demonic ancestry]
   266 | D:1      | Reached XP level 2. HP: 19/22 MP: 2/2
   314 | D:1      | Slain by a goblin

Illustrated notes

Levels and vault maps discovered:
D:1:      shiori_arrival_whats_in_store_for_you, layout_rooms

Skill      XL: |  1 |
---------------+----+-----
Unarmed Combat | 3 |  3.2
Fighting       | |  2.0
Throwing       | |  1.7
Dodging        | |  2.6

Action                   || total
-------------------------++-------
Melee: Unarmed           ||    19
       Punch             ||     1
 Stab: Sleeping          ||     1
Armor: Leather armour    ||     8
Dodge: Dodged            ||    17

Table legend: (Time is in decaauts)
 A = Elapsed time spent in this place.
 B = Non-inter-level travel time spent in this place.
 C = Inter-level travel time spent in this place.
 D = Time resting spent in this place.
 E = Time spent auto-exploring this place.
 F = Levels seen in this place.
 G = Mean time per level.
                   A        B        C        D        E       F      G
               +--------+--------+--------+--------+--------+-----+--------+
         Total |    312 |    312 |      0 |    185 |     53 |   1 |  312.0 |
       Dungeon |    312 |    312 |      0 |    185 |     53 |   1 |  312.0 |
               +--------+--------+--------+--------+--------+-----+--------+

Top non-repeatable levels by time:
     D:1: 312 daAuts
